 Dungeon Crawl Stone Soup version 0.29-a0-887-gcbe080d7e0 (console) character file.

Game seed: 15288206791234425905

121 shmup the Vexing (level 4, -3/27 HPs)
             Began as a Vampire Enchanter on July 17, 2022.
             Slain by an ogre
             ... wielding a +0 giant club
              (12 damage)
             ... on level 5 of the Dungeon on July 22, 2022.
             The game lasted 00:34:09 (3606 turns).

shmup the Vexing (Vampire Enchanter)                Turns: 3606, Time: 00:34:10

Health: -3/27      AC:  5    Str:  7      XL:     4   Next: 76%
Magic:  8/8        EV: 12    Int: 18 (19) God:
Gold:   206        SH:  0    Dex: 13 (14) Spells: 5/8 levels left

rFire   . . .      SeeInvis +   a - +1 dagger
rCold   . . .      Faith    .   (no shield)
rNeg    . . .      Spirit   .   b - +0 robe
rPois   .          Reflect  .   (no helmet)
rElec   .          Harm     .   k - +2 cloak
rCorr   .          Rampage  .   (no gloves)
Will    +....                   (no boots)
Stlth   +++.......              (no amulet)
HPRegen 0.29/turn               e - ring of willpower
MPRegen 0.11/turn               i - +4 ring of slaying

@: healing quickly
A: alive, fangs 3, see invisible, vampiric 2, [frail 1]
a: Exsanguinate


You were on level 5 of the Dungeon.
You visited 1 branch of the dungeon, and saw 7 of its levels.

You collected 206 gold pieces.

Inventory:

Hand Weapons
 a - a +1 dagger (weapon)
Missiles
 m - 37 stones (quivered)
Armour
 b - a +0 robe (worn)
 g - a +2 ring mail of poison resistance
 k - a +2 cloak (worn)
Jewellery
 e - a ring of willpower (left hand)
 i - a +4 ring of slaying (right hand)
Scrolls
 d - 2 scrolls of poison {unknown}
 h - 5 scrolls of identify
 j - 2 scrolls of enchant armour {unknown}
Potions
 c - 2 potions of invisibility
 f - 2 potions of curing {unknown}
 l - 4 potions of mutation
 n - a potion of resistance {unknown}


   Skills:
 + Level 2.5 Short Blades
 - Level 3.0 Dodging
 - Level 5.0 Stealth
 + Level 2.8 Spellcasting
 + Level 5.5 Hexes


You had 5 spell levels left.
You knew the following spells:

 Your Spells              Type           Power      Damage    Failure   Level
a - Confusing Touch       Hex            22%        N/A       5%          3

Your spell library contained the following spells:

 Spells                   Type           Power      Damage    Failure   Level
 Tukima's Dance           Hex            22%        N/A       5%          3
 Ensorcelled Hibernation  Hex/Ice        24%        N/A       9%          2
 Dazzling Flash           Conj/Hex       24%        N/A       16%         3


Dungeon Overview and Level Annotations

Branches:
Dungeon (7/15)             Temple (0/1) D:6

Altars:
Qazlal

Annotations:
D:2 1 runed translucent door, exclusion: 2 downstairs, Crazy Yiuf
D:3 Sigmund


Innate Abilities, Weirdness & Mutations

Your natural rate of healing is accelerated.
You have razor-sharp teeth.
You have supernaturally acute eyesight. (SInv)
You are afflicted with vampirism and can become a bat while bloodless.
[You are frail. (-10% HP)]


Message History

You fall into a shaft and drop 3 floors!
The shaft crumbles and collapses.
Welcome back, shmup the Vampire Enchanter.
Press ? for a list of commands and other information.
Found a stone staircase leading up.
Found 10 gold pieces.
Found a stone staircase leading up.
There is a stone staircase leading up here.
You climb upwards.
Found 12 gold pieces.
Found a staircase to the Ecumenical Temple.
There is a stone staircase leading down here.
You climb downwards.
There is a stone staircase leading up here.
Found 2 gold pieces.
There is a stone staircase leading up here.
You climb upwards.
There is a stone staircase leading down here.
There is a stone staircase leading down here.
Found a ruby potion.
f - 2 ruby potions (gained 1)
Found a ruby potion.
As you read the scroll labelled ZITEDAD WINLAM, it crumbles to dust.
It is a scroll of identify.
l - 4 potions of mutation An ogre comes into view.
It is wielding a +0 giant club.
Found a stone staircase leading up.
You see here a ruby potion.
The ogre shouts!
There is a stone staircase leading up here.
The ogre hits you with a +0 giant club!!
Ouch! That really hurt!
* * * LOW HITPOINT WARNING * * *
You climb upwards.
The white imp shouts, "Begone, thou paunchy sheep-biting barnacle!"
The jelly quivers.
Found 3 gold pieces.
Found a stone staircase leading down.
There is a stone staircase leading down here.
The white imp attacks as you move away! The white imp barely misses you.
The ogre attacks as you move away! The ogre hits you with a +0 giant club!
You die...

▒.$▒ ▒.>▒
▒▒▒▒▒..▒▒▒▒▒.
▒............
▒............
▒>▒ ▒.▒ ▒5▒ ▒.▒
▒.▒▒▒J▒▒▒▒▒▒▒▒▒
▒.....OV.......
▒..▒▒▒▒▒▒▒▒.▒▒.▒
▒


You could see an ogre and a jelly.

Vanquished Creatures
  A hound (D:4)
  A white imp (D:4)
  A worm (D:2)
  2 dart slugs (D:1)
  6 orcs
  5 ball pythons
  2 bats (D:2)
  5 endoplasms
  10 goblins
  7 hobgoblins
  2 jackals (D:3)
  3 quokkas
  8 frilled lizards
  6 kobolds
  9 rats
68 creatures vanquished.

Vanquished Creatures (others)
  A fungus (D:2)
1 creature vanquished.

Grand Total: 69 creatures vanquished

Notes
Turn   | Place    | Note
-------+----------+-------------------------------------------
     0 | D:1      | shmup the Vampire Enchanter began the quest for the Orb.
     0 | D:1      | Reached XP level 1. HP: 13/13 MP: 3/3
   260 | D:1      | Reached XP level 2. HP: 14/19 MP: 5/5
   899 | D:1      | Gained mutation: You are afflicted with vampirism and can
                  | become a bat while bloodless. [Vampire growth]
   899 | D:1      | Reached XP level 3. HP: 24/24 MP: 6/6
  1048 | D:2      | Found a faded altar of an unknown god.
  1469 | D:2      | Reached skill level 5 in Stealth
  1613 | D:2      | Found a runed translucent door.
  1614 | D:2      | Noticed Crazy Yiuf
  1871 | D:2      | Upgraded the game from 0.29-a0-857-g9b1aa3ac5b to
                  | 0.29-a0-870-g2c972031a6
  2368 | D:3      | Reached skill level 5 in Hexes
  2385 | D:3      | Found a stormy altar of Qazlal.
  2544 | D:3      | Reached XP level 4. HP: 20/27 MP: 7/7
  3045 | D:3      | Noticed Sigmund
  3347 | D:4      | Upgraded the game from 0.29-a0-870-g2c972031a6 to
                  | 0.29-a0-885-gb26ba3297d
  3430 | D:4      | Learned a level 3 spell: Confusing Touch
  3539 | D:4      | You fall into a shaft and drop 3 floors!
  3539 | D:7      | Upgraded the game from 0.29-a0-885-gb26ba3297d to
                  | 0.29-a0-887-gcbe080d7e0
  3554 | D:6      | Noticed a bullfrog
  3554 | D:6      | Found a staircase to the Ecumenical Temple.
  3586 | D:6      | Noticed an ogre
  3599 | D:5      | Entered Level 5 of the Dungeon
  3606 | D:5      | Slain by an ogre

Illustrated notes

Levels and vault maps discovered:
D:1:      dpeg_arrival_round_a, layout_basic, chequers_serial_rivers_micro_b,
          nicolae_figureground_pulse
D:2:      kennysheep_the_goblin_king, layout_loops_corners,
          basic_ecumenical_altar, serial_rivers, chequers_serial_rivers_small_a,
          chequers_serial_rivers_micro_b, chequers_serial_rivers_micro_b,
          chequers_serial_rivers_small_3, minmay_rat_gold_closets,
          uniq_crazy_yiuf_cottage
D:3:      layout_loops_ring, grunt_qazlal_sundering, hangedman_glass_teeth,
          chequers_avenue, chequers_serial_rivers_room_b, minmay_distorted,
          uniq_sigmund
D:4:      cheibrodos_old_hovel, layout_loops_corners,
          nicolae_ossuary_entry_ruins, kennysheep_small_spiral,
          due_unseen_surprise
D:5:      kennysheep_windowed_halls, layout_loops_ring,
          gammafunk_temple_overflow_forgotten, minivault_14,
          serial_bayou_pond_a, dk_noncrumbling_2, chequers_big_river
D:6:      layout_basic, mainiacjoe_overflow_cross_hatched,
          minmay_temple_entry_stoned_glass
D:7:      layout_rooms, roderic_roman_lattice, minmay_increasing_density

Skill      XL: |  1  2  3  4 |
---------------+-------------+-----
Stealth        | 5 |  5.0
Short Blades   | 2 |  2.5
Hexes          | 5 |  5.5
Dodging        | 3 |  3.0
Spellcasting   | |  2.8

Action                   |  1- 3 |  4- 6 || total
-------------------------+-------+-------++-------
Melee: Dagger            |   169 |    44 ||   213
       Bite              |    21 |     3 ||    24
       Punch             |     1 |       ||     1
Throw: Stone             |    10 |       ||    10
 Abil: End Transformatio |     1 |       ||     1
       Bat Form          |     1 |       ||     1
       Exsanguinate      |     1 |       ||     1
       Revivify          |     1 |       ||     1
  Use: Scroll            |       |     1 ||     1
 Stab: Sleeping          |    15 |     2 ||    17
Armor: Robe              |    27 |     2 ||    29
Dodge: Dodged            |    70 |    23 ||    93

Table legend: (Time is in decaauts)
 A = Elapsed time spent in this place.
 B = Non-inter-level travel time spent in this place.
 C = Inter-level travel time spent in this place.
 D = Time resting spent in this place.
 E = Time spent auto-exploring this place.
 F = Levels seen in this place.
 G = Mean time per level.
                   A        B        C        D        E       F      G
               +--------+--------+--------+--------+--------+-----+--------+
         Total |   3603 |   3285 |    318 |    396 |   1679 |   7 |  514.7 |
       Dungeon |   3603 |   3285 |    318 |    396 |   1679 |   7 |  514.7 |
               +--------+--------+--------+--------+--------+-----+--------+

Top non-repeatable levels by time:
     D:2: 1639 daAuts
     D:1: 1051 daAuts
     D:3: 625 daAuts
     D:4: 220 daAuts
     D:6: 37 daAuts
     D:7: 22 daAuts
     D:5: 6 daAuts
